 Dungeon Crawl Stone Soup version 0.28-a0-317-g21599a725c (webtiles) character file.

Game seed: 12122397011729334059

2578 Froggeryz the Skirmisher (level 9, -1/79 HPs)
             Began as a Demigod Ice Elementalist on Sept 1, 2021.
             Shot with an arrow by a centaur (7 damage)
             ... on level 7 of the Dungeon.
             The game lasted 00:13:23 (10298 turns).

Froggeryz the Skirmisher (DgIE)                    Turns: 10298, Time: 00:13:23

Health: -1/79      AC:  3    Str: 12 (13) XL:     9   Next: 10%
Magic:  12/17      EV: 13    Int: 23 (25) God:
Gold:   243        SH:  0    Dex: 13 (14) Spells: 8/15 levels left

rFire   . . .      SeeInvis .   h - +0 halberd (vorpal)
rCold   . . .      Faith    .   (shield currently unavailable)
rNeg    . . .      Spirit   .   a - +1 robe
rPois   +          Reflect  .   (no helmet)
rElec   .          Harm     .   (no cloak)
rCorr   .          Rampage  .   (no gloves)
Will    .....                   (no boots)
Stlth   ++........              (no amulet)
HPRegen 0.23/turn               (no ring)
MPRegen 0.15/turn               (no ring)

@: no status effects
A: high mp 1, forlorn, poison resistance
a: no special abilities


You were on level 7 of the Dungeon.
You visited 1 branch of the dungeon, and saw 7 of its levels.

You collected 297 gold pieces.
You spent 54 gold pieces at shops.

Inventory:

Hand Weapons
 h - a +0 vorpal halberd (weapon)
Missiles
 c - 134 stones
 u - a throwing net
Armour
 a - a +1 robe (worn)
 v - a +0 buckler
Magical Staves
 k - a staff of fire
Jewellery
 b - a +4 ring of protection
Wands
 d - a wand of flame (16)
 m - a wand of polymorph (3)
 n - a wand of iceblast (7)
Scrolls
 f - 3 scrolls of amnesia {unknown}
 g - 2 scrolls of enchant weapon
 s - a scroll of blinking {unknown}
 t - 2 scrolls of identify
Potions
 e - a potion of curing {unknown}
 j - a potion of attraction
 l - a potion of flight {unknown}
 o - a potion of cancellation


   Skills:
 * Level 7.2 Fighting
 - Level 7.1 Polearms
 - Level 3.1 Dodging
 - Level 1.7 Stealth
 * Level 2.0 Shields
 - Level 3.6 Spellcasting
 - Level 4.0 Ice Magic


You had 8 spell levels left.
You knew the following spells:

 Your Spells              Type           Power      Damage    Failure   Level
a - Freeze                Ice            92%        1d10      1%          1
b - Frozen Ramparts       Ice            46%        1d6       6%          3
c - Ozocubu's Armour      Ice            23%        N/A       6%          3

Your spell library contained the following spells:

 Spells                   Type           Power      Damage    Failure   Level
 Ensorcelled Hibernation  Hex/Ice        26%        N/A       7%          2
 Sting                    Tmut/Pois      16%        1d3       11%         1
 Poisonous Vapours        Pois/Air       8%         N/A       16%         2
 Spider Form              Tmut/Pois      2%         N/A       32%         3
 Hailstorm                Conj/Ice       13%        3d5       43%         4
 Olgreb's Toxic Radiance  Pois           4%         N/A       71%         4


Dungeon Overview and Level Annotations

Branches:
Dungeon (7/15)             Temple (0/1) D:5

Shops:
D:3 :   D:6 *

Annotations:
D:3 1 runed translucent door, Teewurst's ghost, amateur SpCj
D:7 Harold


Innate Abilities, Weirdness & Mutations

Your attributes grow dramatically as you level up.
You have an increased reservoir of magic. (+10% MP)
You shall have no god before yourself.
Your system is resistant to poisons. (rPois)


Message History

The shadow slips into darkness.
The shadow flickers and vanishes!
Deactivating autopickup; reactivate with Ctrl-A.
The howler monkey hits you but does no damage.
Your icy armour and frozen ramparts will break if you move.
Continue? [Y]es or [N]o only, please.
Your icy armour and frozen ramparts will break if you move.
Continue?
Okay, then.
You hit something. The howler monkey hits you.
The wall freezes something but does no damage.
The shadow strikes at you from the darkness!
* * * LOW HITPOINT WARNING * * *
Reactivating autopickup.
You puncture the shadow!
You destroy the shadow!
The howler monkey barely misses you.
The howler monkey completely misses you.
You feel your strength returning.
Your Shields skill increases to level 2!
You barely miss the howler monkey.
The howler monkey hits you but does no damage.
Casting: Ozocubu's Armour (dangerous; 6% risk of failure)
Confirm with . or Enter, or press ? or * to list all spells.
Aiming: Freeze (safe; 1% risk of failure)
Press: ? - help, Shift-Dir - straight line, f/p - howler monkey
Aim: a howler monkey You freeze the howler monkey.
The howler monkey is lightly wounded.
The howler monkey hits you.
* * * LOW HITPOINT WARNING * * *
The howler monkey barely misses you.
Okay, then.
As you read the scroll of fear, it crumbles to dust.
You assume a fearsome visage.
The howler monkey looks frightened!
The frozen ramparts melt away.
Your icy armour will break if you move.
Continue?
Your icy armour cracks and falls away as you move.
The centaur wields a +0 shortbow.
The centaur shoots an arrow.
The arrow hits you!
You die...

.... #<# ..........
...# #.# ..........
...# #.# ...# #...#
#..# #.# ...# #...#
#..# #.#
...###...###..# #.#
.........c....# #.#
.......)......#####.#
........@.......@...#
...###...###..#######
### ...# #...# #..#
#<# ...###...###..#
#.# ..............#
#.# .h............#
#.# ...##.###...###
#.# ...... #.### #.#
...### ##.# #.#


You could see a centaur.

Vanquished Creatures
  A shadow (D:7)
  A neqoxec (D:4)
  Duvessa (D:6)
  4 black bears
  A sky beast (D:4)
  A necrophage (D:5)
  An ogre (D:6)
  A centaur (D:6)
  A phantom (D:5)
  A gnoll sergeant (D:6)
  2 bullfrogs
  Dowan (D:6)
  3 scorpions
  A wyvern skeleton (D:7)
  A howler monkey (D:5)
  4 hounds
  A jelly (D:4)
  2 bullfrog skeletons
  A centaur skeleton (D:7)
  5 orc priests
  3 iguanas
  Natasha (D:3)
  3 orc wizards
  A statue (D:6)
  A hound zombie (D:5)
  14 gnolls
  2 adders
  A shadow imp (D:6)
  A white imp (D:7)
  An ufetubus (D:6)
  An adder skeleton (D:4)
  3 worms
  4 dart slugs
  18 orcs
  10 ball pythons
  3 bats
  12 endoplasms
  4 giant cockroaches
  6 goblins
  8 hobgoblins
  3 jackals (D:2)
  3 quokkas
  2 frilled lizards
  3 kobolds (D:1)
  4 rats
146 creatures vanquished.

Notes
Turn   | Place    | Note
-------+----------+-------------------------------------------
     0 | D:1      | Froggeryz the Demigod Ice Elementalist began the quest for
                  | the Orb.
     0 | D:1      | Reached XP level 1. HP: 14/14 MP: 5/5
   435 | D:1      | Reached XP level 2. HP: 20/20 MP: 7/7
  2075 | D:2      | Reached XP level 3. HP: 21/26 MP: 6/8
  2348 | D:1      | Learned a level 3 spell: Frozen Ramparts
  2627 | D:2      | Reached XP level 4. HP: 12/33 MP: 4/10
  3658 | D:3      | Found Wiorixt's Book Shop.
  3667 | D:3      | Reached skill level 1 in Fighting
  3862 | D:3      | Noticed Natasha
  3869 | D:3      | Killed Natasha
  3870 | D:3      | Reached XP level 5. HP: 41/41 MP: 8/12
  4057 | D:3      | Found a runed translucent door.
  4057 | D:3      | Noticed Teewurst's ghost (amateur SpCj)
  4058 | D:3      | Noticed a necrophage
  4490 | D:3      | Learned a level 3 spell: Ozocubu's Armour
  4777 | D:4      | Identified the +3 tower shield of Voracious Liberty {Harm
                  | Slay+3}
  5246 | D:4      | Reached XP level 6. HP: 46/50 MP: 10/14
  5334 | D:4      | Reached skill level 1 in Polearms
  5469 | D:4      | Noticed Grinder
  5485 | D:4      | Noticed Grinder
  5485 | D:4      | Grinder changed into Grinder the neqoxec
  5489 | D:4      | Gained mutation: Your system is resistant to poisons.
                  | (rPois) [Grinder]
  5491 | D:4      | Killed Grinder the neqoxec
  6043 | D:5      | Entered Level 5 of the Dungeon
  6063 | D:5      | Reached XP level 7. HP: 42/58 MP: 15/15
  6151 | D:5      | Found a staircase to the Ecumenical Temple.
  7063 | D:5      | HP: 2/60 [black bear (2)]
  7064 | D:5      | Reached skill level 5 in Polearms
  7771 | D:6      | Reached XP level 8. HP: 67/67 MP: 16/16
  7780 | D:6      | Reached skill level 5 in Fighting
  8390 | D:6      | Noticed Duvessa
  8391 | D:6      | Noticed Dowan
  8398 | D:6      | Killed Duvessa
  8408 | D:6      | Killed Dowan
  8731 | D:6      | Found Hilo's Assorted Antiques.
  8739 | D:6      | Bought a scroll labelled LEKULYINNO for 27 gold pieces
  8739 | D:6      | Bought a scroll labelled CESULYMNYA for 27 gold pieces
  9959 | D:7      | Noticed Harold
 10249 | D:7      | Reached skill level 1 in Shields
 10249 | D:7      | Reached XP level 9. HP: 73/79 MP: 13/17
 10297 | D:7      | Identified the +1 robe of a bailey {+Inv rN+ Str+4}
 10298 | D:7      | Shot with an arrow by a centaur

Illustrated notes

Levels and vault maps discovered:
D:1:      saegor_arrival_miasma, layout_basic,
          dreamdust_ecumenical_altar_angels_and_demons, due_unseen_surprise
D:2:      layout_loops_cross, basic_altar, nrook_uturn
D:3:      layout_loops_ring, ebering_ghost_inner_flame, serial_shops,
          nicolae_diamond_shop, nrook_loot_triangle,
          ebering_dispersal_statue_hall, uniq_natasha
D:4:      layout_basic, uniq_grinder
D:5:      layout_gridville, kennysheep_slug_shrine, temple_doors_e
D:6:      layout_loops_corners, vehumet_statue, serial_shops,
          kennysheep_mini_moat, kennysheep_generic_room_10, uniq_duvessa
D:7:      layout_basic, serial_shops, shop, chequers_serial_rivers_large_b,
          kennysheep_boxes, uniq_harold

Skill      XL: |  1  2  3  4  5  6  7  8  9 |
---------------+----------------------------+-----
Dodging        | 2 3 |  3.1
Ice Magic      | 4 |  4.0
Spellcasting   | 2 3 |  3.6
Fighting       | 1 2 3 4 7 |  7.2
Polearms       | 3 5 7 |  7.1
Shields        | 1 2 |  2.0
Stealth        | |  1.7

Action                   |  1- 3 |  4- 6 |  7- 9 || total
-------------------------+-------+-------+-------++-------
Melee: Short sword       |    56 |       |       ||    56
       Unarmed           |     4 |       |       ||     4
       Halberd           |     7 |   136 |   176 ||   319
 Cast: Freeze            |    31 |     2 |     1 ||    34
       Frozen Ramparts   |     3 |    10 |    17 ||    30
       Ozocubu's Armour  |       |     1 |     7 ||     8
Evoke: Wand              |       |     1 |       ||     1
  Use: Scroll            |       |     6 |     3 ||     9
       Potion            |       |       |     2 ||     2
 Stab: Sleeping          |     6 |     8 |     3 ||    17
Armor: Robe              |    16 |    21 |    40 ||    77
Dodge: Dodged            |    63 |    90 |   151 ||   304

Table legend: (Time is in decaauts)
 A = Elapsed time spent in this place.
 B = Non-inter-level travel time spent in this place.
 C = Inter-level travel time spent in this place.
 D = Time resting spent in this place.
 E = Time spent auto-exploring this place.
 F = Levels seen in this place.
 G = Mean time per level.
                   A        B        C        D        E       F      G
               +--------+--------+--------+--------+--------+-----+--------+
         Total |  10410 |  10132 |    278 |    495 |   8396 |   7 | 1487.1 |
       Dungeon |  10410 |  10132 |    278 |    495 |   8396 |   7 | 1487.1 |
               +--------+--------+--------+--------+--------+-----+--------+

Top non-repeatable levels by time:
     D:1: 2247 daAuts
     D:6: 1738 daAuts
     D:5: 1595 daAuts
     D:4: 1519 daAuts
     D:2: 1185 daAuts
     D:3: 1161 daAuts
     D:7: 962 daAuts
